 Dungeon Crawl Stone Soup version 0.13.1-19-g4b9377e (webtiles) character file.

209 Nicoed the Skirmisher (level 4, -2/40 HPs)
             Began as a Minotaur Berserker on Dec 28, 2013.
             Was a Priest of Trog.
             Slain by an orc
             ... wielding a -1,+1 orcish flail
              (3 damage)
             ... on Level 3 of the Dungeon on Dec 29, 2013.
             The game lasted 00:09:57 (1866 turns).

Nicoed the Skirmisher (Minotaur Berserker)          Turns: 1866, Time: 00:09:57

HP  -2/40        AC  5     Str 23      XL: 4   Next: 91%
MP   1/1         EV 12     Int  4      God: Trog [***...]
Gold 78          SH  0     Dex  9      Spells:  0 memorised,  3 levels left

Res.Fire  : . . .   See Invis. : .   a - +0 hand axe {=f}
Res.Cold  : . . .   Warding    : .   b - +0 animal skin
Life Prot.: . . .   Conserve   : .   (no shield)
Res.Poison: .       Res.Corr.  : .   (helmet restricted)
Res.Elec. : .       Clarity    : .   (no cloak)
Sust.Abil.: . .     Spirit.Shd : .   (no gloves)
Res.Mut.  : .       Stasis     : .   e - +2 pair of boots
Res.Rott. : .       Flight     : .   (no amulet)
Saprovore : . . .                    (no ring)
                                     n - ring of teleport control

@: slowed, very slow, slightly resistant to hostile enchantments, very
unstealthy
A: retaliatory headbutt, horns 2
a: Burn Spellbooks, Berserk, Trog's Hand, Renounce Religion, Evoke Teleport
Control


You were on level 3 of the Dungeon.
You worshipped Trog.
Trog was most pleased with you.
You were not hungry.

You visited 1 branch of the dungeon, and saw 3 of its levels.

You collected 58 gold pieces.

Inventory:

Hand weapons
 a - a +0,+0 hand axe (weapon) {=f}
 d - a +0,+0 sling
 o - a +1,+0 dwarven dagger (quivered)
Armour
 b - a +0 animal skin (worn)
 e - a +2 pair of boots (worn)
Comestibles
 c - 2 bread rations
 g - a choko
 j - a pear
Scrolls
 f - 2 scrolls of noise {unknown}
 h - 3 scrolls of identify {unknown}
 i - a scroll of curse armour {unknown}
 k - 2 scrolls of teleportation {unknown}
 m - 3 scrolls of remove curse {unknown}
Jewellery
 n - a ring of teleport control (left hand)
Potions
 p - a potion of heal wounds {unknown}
 q - a potion of magic {unknown}
 r - a potion of curing {unknown}


   Skills:
 + Level 5.1 Fighting
 + Level 5.0 Axes
 + Level 2.6 Armour
 + Level 3.0 Dodging
 + Level 0.1 Stealth


You had 3 spell levels left.
You didn't know any spells.

Dungeon Overview and Level Annotations

Branches:
Dungeon (3/27)

Altars:
Xom


Innate Abilities, Weirdness & Mutations

You reflexively headbutt those who attack you in melee.
You have a pair of horns on your head.


Message History

Your Axes skill increases to level 5!
Your Dodging skill increases to level 3!
The orc wizard gestures wildly while chanting.
You feel troubled.
You feel yourself slow down.
It was a potion of slowing.
The orc completely misses you. The orc hits you with an orcish flail.
* * * LOW HITPOINT WARNING * * *
You see here an orcish flail.
The orc hits you but does no damage. The orc hits you with an orcish flail!
* * * LOW HITPOINT WARNING * * *
Things that are here:
an orcish short sword; an orc corpse The orc wizard unwields an uncursed orcish dagger.
The orc wizard drops an uncursed orcish dagger.
The orc wizard picks up an orcish flail.
The orc wizard wields an orcish flail.
The orc barely misses you.
The orc wizard picks up an uncursed orcish dagger.
The orc hits you with an orcish flail.
You die...

#########
#.....@.#
#.#####o#
#.# #K# #.#
#.# ##.##
#.#
#o##o......
#.#
#o..o...#
#.#
####.##.#
#.# # #.#


You could see an orc wizard, 2 orcs and a kobold.

Vanquished Creatures
  An orc priest (D:3)
  4 adders (D:2)
  2 worms (D:2)
  An ooze (D:2)
  2 orcs (D:3)
  6 giant cockroaches
  5 hobgoblins
  6 kobolds
  A quokka (D:2)
  8 bats
  5 giant newts
  6 goblins
  6 rats
53 creatures vanquished.

Notes
Turn   | Place    | Note
--------------------------------------------------------------
     0 | D:1      | Nicoed, the Minotaur Berserker, began the quest for the Orb.
     0 | D:1      | Reached XP level 1. HP: 19/19 MP: 0/0
   249 | D:1      | Reached XP level 2. HP: 12/26 MP: 0/0
   442 | D:1      | Reached skill level 4 in Fighting
   576 | D:1      | Acquired Trog's second power
   977 | D:2      | Reached XP level 3. HP: 29/33 MP: 1/1
  1262 | D:2      | Found a shimmering altar of Xom.
  1358 | D:2      | Reached XP level 4. HP: 37/40 MP: 1/1
  1412 | D:2      | Reached skill level 5 in Fighting
  1858 | D:3      | Reached skill level 5 in Axes
  1861 | D:3      | HP: 1/40 [orc/orcish flail (9)]
  1866 | D:3      | Slain by an orc

Action                   |  1- 3 |  4- 6 || total
-------------------------+-------+-------++-------
Melee: Hand axe          |    83 |    22 ||   105
  Use: Scroll            |     1 |       ||     1
       Potion            |       |     1 ||     1
